Map: Nightscape LE

Players

Lexa - Winner!

  • Race: Terran Terran
  • League: Diamond
  • Spawn Location: 1:00

GLHFNoob - Winner!

  • Race: Zerg Zerg
  • Spawn Location: 1:00

Massa

  • Race: Terran Terran
  • League: Platinum
  • Spawn Location: 7:00

qqq

  • Race: Terran Terran
  • Spawn Location: 7:00

VOD

Have the link to the VOD?

Description

Time

  • Played on: Nov. 8, 2020, 8:50 a.m.
  • Length: 24:36
Show
View Real Time Build Order
Export as new Build Order

Lexa Terran - Winner!

Build Orders: Gas First Reaper Expand 

Get SALT Encoding   

  12  0:00  SCV  
  13  0:12  SCV  
  14  0:20  Supply Depot  
  14  0:25  SCV  
  15  0:31  Refinery  
  15  0:44  Barracks  
  15  0:45  SCV  
  16  0:58  SCV  
  17  1:10  SCV  
  18  1:22  SCV  
  18  1:34  SCV  
  19  1:49  Supply Depot  
  19  1:54  Command Center  
  19  2:01  Factory  
  19  2:14  Orbital Command  
  19  2:31  Reaper  
  19  2:36  Refinery  
  19  2:45  Armory  
  19  2:48  Factory Tech Lab  
  19  2:50  SCV  
  20  3:02  SCV  
  21  3:15  SCV  
  21  3:16  SCV  
  21  3:18  Marine  
  24  3:26  Siege Tank  
  27  3:28  SCV  
  27  3:30  Supply Depot  
  28  3:37  Orbital Command  
  28  3:40  SCV  
  29  3:55  SCV  
  30  4:00  Barracks  
  30  4:02  Barracks  
  30  4:07  Barracks  
  30  4:08  Armory  
  30  4:19  Starport  
  30  4:25  SCV  
  30  4:29  SCV  
  32  4:35  Barracks Reactor  
  32  4:37  SCV  
  33  4:41  SCV  
  33  4:43  Engineering Bay  
  34  4:46  Engineering Bay  
  34  4:50  SCV  
  35  4:53  SCV  
  35  4:57  Starport Reactor  
  36  5:02  SCV  
  36  5:05  SCV  
  36  5:06  Refinery  
  38  5:10  Barracks Tech Lab  
  38  5:11  Barracks Reactor  
  38  5:13  Barracks Reactor  
  38  5:14  SCV  
  39  5:19  Barracks  
  39  5:24  Refinery  
  39  5:27  SCV x2  
  41  5:29  Marine x3  
  41  5:31  Siege Tank  
  47  5:39  SCV  
  47  5:40  SCV  
  49  5:49  Stimpack  
  49  5:57  SCV x2  
  49  6:00  Marine x3  
  54  6:20  Supply Depot  
  54  6:26  Supply Depot  
  54  6:30  Supply Depot  
  54  6:35  Terran Infantry Weapons Level 1  
  54  6:36  Terran Infantry Armor Level 1, Supply Depot  
  54  6:38  Barracks Reactor  
  54  6:41  SCV, Marine x5, Medivac  
  62  6:47  SCV, Marine x2, Medivac  
  67  6:59  Marine x5  
  72  7:02  Siege Tank  
  72  7:05  Marine x2  
  77  7:17  Marine x5  
  77  7:20  SCV x2  
  84  7:23  Marine x2  
  86  7:36  Barracks  
  86  7:38  Supply Depot  
  86  7:40  Supply Depot  
  86  7:43  Supply Depot  
  86  8:00  SCV, Marine x7  
  86  8:02  SCV, Marine x2  
  92  8:12  SCV  
  85  8:18  Marine x7  
  84  8:23  Marine x2  
  86  8:35  Marine x3  
  84  8:43  Marine  
  84  8:44  Marine x5  
  84  8:47  Terran Infantry Armor Level 2, Terran Infantry Weapons Level 2  
  90  8:53  Marine x2  
  71  9:12  Marine x4  
  71  9:13  Marine x5  
  78  9:22  Siege Tank  
  78  9:24  Medivac x2  
  85  9:32  Barracks Reactor  
  85  9:35  Barracks  
  85  9:48  Marine x6  
  85  9:49  Marine x3  
  94  9:55  Siege Tank  
  97  10:00  Command Center  
  97  10:03  Factory  
  97  10:06  Marine  
  98  10:08  Factory  
  98  10:10  Missile Turret  
  97  10:27  Marine x2, Siege Tank  
  97  10:28  Marine x5  
  104  10:37  Marine x2  
  106  10:45  Marine x3  
  106  10:49  Barracks Reactor  
  109  10:54  Marine  
  110  11:04  Factory Tech Lab x2  
  110  11:12  Marine x6, Siege Tank  
  110  11:13  Marine x5  
  124  11:28  Terran Infantry Armor Level 3  
  124  11:29  Marine  
  125  11:52  Marine  
  125  12:05  Marine x2  
  125  12:10  Marine x2, Medivac  
  87  12:30  Marine x5  
  87  12:31  Marine x7  
  87  12:32  Marine  
  100  12:47  Marine x2  
  100  12:48  Marine x5  
  100  12:49  Marine x3  
  109  13:01  Marine x3  
  109  13:05  Marine x2  
  112  13:06  Marine x2  
  112  13:08  Siege Tank x3  
  113  13:25  Marine x7  
  113  13:26  Marine x6  
  122  13:40  Siege Tank  
  125  13:55  Marine x3  
  125  14:03  Marine x8  
  125  14:04  Marine x2  
  125  14:05  Siege Tank x2  
  117  14:12  Siege Tank  
  117  14:13  Marine x3  
  114  14:20  Marine  
  114  14:21  Marine x2  
  113  14:25  Marine x2  
  113  14:26  Marine x5  
  113  14:31  Marine  
  116  14:37  Siege Tank  
  108  14:55  Marine x2  
  108  14:56  Marine x7  
  108  14:57  Marine x4  
  121  15:13  Marine  
  117  15:18  Marine x7  
  117  15:19  Marine  
  125  15:27  Marine  
  125  15:28  Marine  
  114  15:45  Marine x2  
  114  15:46  Marine x4  
  117  15:51  Command Center  
  89  16:04  Marine  
  89  16:05  Marine x6  
  89  16:07  Marine  
  91  16:23  SCV  
  92  16:27  Marine x3  
  92  16:28  Marine  
  96  16:35  SCV  
  96  16:38  Marine x3  
  96  16:39  Marine  
  101  16:47  SCV, Marine x6  
  107  16:58  Medivac x2  
  107  16:59  SCV  
  107  17:00  Marine x3  
  107  17:01  Marine x2  
  117  17:09  SCV  
  117  17:11  SCV x2  
  117  17:12  SCV  
  121  17:18  Marine x4  
  121  17:19  Marine x4  
  121  17:21  SCV, Siege Tank x2  
  136  17:23  SCV  
  136  17:28  Medivac  
  136  17:29  Terran Infantry Weapons Level 3  
  139  17:34  SCV  
  140  18:23  Marine x3  
  140  18:36  SCV, Marine x5  
  140  18:37  Marine x5  
  140  18:38  Medivac x2, Siege Tank  
  140  18:40  Siege Tank  
  138  18:41  Marine x3  
  134  18:48  SCV  
  134  18:54  Marine x4  
  132  18:55  Marine x2  
  132  18:56  Marine x4  
  132  18:59  Marine x3  
  136  19:09  Siege Tank  
  139  19:12  Marine  
  140  19:42  Marine  
  140  19:43  Marine  
  140  19:44  Marine  
  140  19:46  Medivac  
  140  19:49  Marine  
  140  20:12  Marine x2  
  140  20:14  Marine  
  140  20:16  Marine  
  140  20:17  SCV, Marine  
  140  20:19  Marine x2  
  140  20:20  Medivac, Siege Tank  
  140  20:22  Medivac, Siege Tank  
  140  20:28  Widow Mine  
  131  20:29  SCV  
  131  20:35  Marine x3  
  132  20:36  Marine x5  
  140  20:52  Marine  
  140  20:53  SCV  
  140  20:54  Marine x3  
  140  21:29  Marine  
  140  21:35  Marine  
  140  21:38  Marine  
  140  21:41  Widow Mine, Marine x4  
  140  21:44  Marine  
  140  21:45  Marine  
  139  21:47  SCV  
  139  21:48  Marine  
  139  21:49  Marine  
  139  21:50  Marine x2  
  139  21:51  Marine  
  139  21:52  Widow Mine  
  139  21:53  Marine  
  139  21:54  Medivac  
  139  21:56  Widow Mine  
  139  22:01  Marine  
  140  22:02  Marine  
  140  22:05  SCV  
  140  22:06  Widow Mine  
  140  22:07  Marine x3  
  140  22:08  Marine x2  
  140  22:10  Marine x3, Medivac  
  140  22:13  Marine x3  
  131  22:18  Marine  
  131  22:20  Marine  
  133  22:24  Medivac  
  133  22:25  Marine x3  
  133  22:26  Marine x2  
  140  22:40  Marine x2  
  140  22:42  Marine, Medivac  
  133  22:52  Marine x7  
  140  23:05  Refinery  
  140  23:08  Refinery  
  140  23:11  Command Center  
  140  23:33  Marine x3  
  140  23:35  Marine x3  
  140  23:48  Marine x2  
  140  23:49  Marine  
  140  23:50  Marine  
  140  23:51  Marine x2, Medivac  
  140  23:52  Marine x2  
  140  23:53  Marine, Medivac  
  140  23:54  Marine  
  140  23:55  Marine  
  133  24:06  Marine x4  
  133  24:07  Marine  
  133  24:08  Marine  
  133  24:09  Marine  
  140  24:11  Marine  
Show
View Real Time Build Order
Export as new Build Order

GLHFNoob Zerg - Winner!

Build Orders: Hatch First 

Get SALT Encoding   

  12  0:00  Drone  
  13  0:13  Overlord  
  13  0:17  Drone  
  14  0:32  Drone x2  
  16  0:47  Drone  
  16  0:48  Drone  
  18  0:56  Hatchery  
  17  0:59  Drone  
  17  1:02  Extractor  
  17  1:14  Spawning Pool  
  16  1:19  Drone  
  16  1:20  Drone  
  18  1:30  Drone  
  19  1:40  Drone  
  20  1:50  Overlord  
  20  2:03  Queen  
  22  2:09  Queen  
  22  2:10  Drone x2  
  22  2:12  Metabolic Boost  
  26  2:17  Drone  
  27  2:35  Drone x4  
  31  2:46  Hatchery  
  31  2:50  Drone  
  31  2:51  Drone  
  32  2:59  Baneling Nest  
  32  3:04  Overlord x2  
  31  3:06  Drone  
  32  3:23  Queen  
  34  3:34  Drone x6  
  35  3:37  Extractor  
  35  3:38  Extractor, Lair  
  38  3:42  Zergling x4  
  40  3:51  Overlord x2  
  40  3:58  Evolution Chamber x2  
  40  4:01  Drone x2  
  40  4:20  Zergling x2  
  40  4:21  Zergling x14  
  48  4:25  Drone  
  48  4:28  Zerg Melee Weapons Level 1  
  48  4:31  Zerg Ground Armor Level 1  
  49  4:53  Drone  
  49  4:54  Drone x7  
  57  5:02  Infestation Pit  
  57  5:03  Overlord  
  54  5:23  Zergling x2  
  54  5:24  Zergling x20  
  62  5:37  Spore Crawler  
  62  5:39  Spore Crawler  
  60  5:49  Drone x2  
  66  5:50  Drone x8  
  66  5:52  Extractor  
  66  5:54  Hive  
  69  5:59  Centrifical Hooks  
  69  6:13  Overlord x3  
  69  6:14  Overlord x2  
  54  6:43  Zergling x2  
  54  6:44  Zergling x16  
  63  6:50  Hatchery  
  62  6:54  Zergling x2  
  62  6:55  Zergling x10  
  68  7:02  Zergling x6  
  68  7:06  Zerg Melee Weapons Level 2  
  68  7:07  Zerg Ground Armor Level 2  
  71  7:09  Adrenal Glands  
  71  7:18  Zergling x2  
  71  7:19  Zergling x12  
  78  7:28  Zergling x14  
  85  7:31  Baneling  
  85  7:32  Baneling x12  
  85  7:39  Drone x3  
  85  7:40  Extractor  
  87  7:46  Drone x3  
  71  8:32  Zergling x2, Spire  
  71  8:33  Zergling x34  
  88  8:35  Baneling x10  
  88  8:36  Baneling x9  
  88  8:38  Hatchery  
  79  9:04  Zergling x2  
  79  9:05  Zergling x34  
  91  9:30  Ultralisk Cavern  
  90  9:31  Zerg Melee Weapons Level 3  
  90  9:32  Zerg Ground Armor Level 3  
  90  9:37  Drone x7  
  90  9:38  Drone x4  
  101  9:48  Extractor  
  100  9:55  Overlord  
  100  9:56  Overlord x5  
  100  10:05  Drone x5  
  105  10:12  Extractor  
  104  10:15  Extractor  
  103  10:28  Ultralisk x2  
  115  10:31  Ultralisk  
  119  11:01  Ultralisk x3  
  119  11:02  Overlord  
  119  11:03  Overlord x4  
  137  11:11  Baneling x10  
  137  11:12  Baneling x5  
  137  11:15  Baneling x5  
  137  11:16  Baneling  
  137  11:23  Chitinous Plating  
  137  11:31  Queen  
  138  11:41  Ultralisk  
  138  11:43  Ultralisk  
  144  12:00  Ultralisk x2  
  129  12:17  Ultralisk x2  
  141  12:25  Zergling x2  
  141  12:26  Zergling x18  
  151  12:37  Drone x5  
  151  12:38  Drone  
  151  12:40  Zergling x2  
  151  12:41  Zergling x6  
  151  12:42  Anabolic Synthesis  
  161  12:56  Ultralisk x2  
  173  13:03  Pathogen Glands  
  173  13:08  Zergling x12  
  179  13:15  Overseer  
  179  13:23  Baneling x13  
  179  13:24  Baneling x12  
  179  13:54  Ultralisk x3  
  197  14:00  Neural Parasite  
  183  14:16  Ultralisk x2  
  154  14:32  Zergling x10  
  154  14:33  Zergling x2  
  154  14:34  Zergling x22  
  164  14:50  Zergling x4  
  164  14:51  Zergling x8  
  170  14:59  Baneling  
  170  15:00  Baneling x11  
  170  15:18  Baneling x16  
  170  15:19  Baneling x7  
  170  15:23  Hatchery  
  170  15:26  Infestor x3  
  175  15:44  Infestor x3  
  175  15:45  Infestor x5  
  175  15:47  Ultralisk  
  183  16:33  Zergling x8, Ultralisk x2  
  192  16:49  Baneling x9  
  192  16:50  Baneling x11  
  192  16:56  Burrow  
  192  17:17  Ultralisk  
  198  17:34  Extractor  
  198  17:36  Extractor  
  196  17:55  Zergling x8  
  200  18:25  Infestor x11  
  128  18:58  Ultralisk  
  128  18:59  Ultralisk x2  
  124  19:18  Zergling x18  
  124  19:19  Zergling x4  
  123  19:31  Greater Spire  
  123  19:42  Zergling x6  
  123  19:43  Zergling x12  
  123  19:44  Baneling x10  
  132  19:46  Baneling  
  132  19:47  Baneling x11  
  132  19:54  Zergling x16  
  132  19:55  Zergling x2  
  141  20:06  Zerg Missile Weapons Level 1  
  141  20:12  Zergling x22  
  152  20:14  Baneling  
  152  20:15  Baneling x17  
  152  20:17  Ultralisk x3  
  170  20:33  Zergling x2  
  170  20:34  Zergling x24  
  183  20:36  Baneling x6  
  183  20:37  Baneling x18  
  183  20:38  Baneling  
  183  20:39  Baneling x13  
  183  20:58  Baneling  
  183  20:59  Baneling x15  
  183  21:02  Baneling  
  183  21:03  Baneling x7  
  183  21:31  Ultralisk x2  
  195  21:53  Infestor x5  
  102  22:38  Ultralisk x5  
  102  22:39  Ultralisk x2  
  133  22:58  Spore Crawler  
  126  23:01  Zergling x26  
  126  23:02  Zergling x4  
  140  23:45  Zergling x2  
  140  23:46  Zergling x42  
  140  23:47  Zergling x4  
  154  24:16  Zergling x2  
  154  24:17  Zergling x18  
Show
View Real Time Build Order
Export as new Build Order

Massa Terran 

Build Orders: Reaper Expand 

Get SALT Encoding   

  12  0:00  SCV  
  13  0:12  SCV  
  14  0:22  Supply Depot  
  14  0:24  SCV  
  15  0:44  SCV  
  15  0:47  Barracks  
  16  0:53  Refinery  
  16  0:56  SCV  
  17  1:08  SCV  
  18  1:20  SCV  
  19  1:33  Orbital Command  
  19  1:39  Command Center  
  19  1:44  Reaper  
  20  2:02  SCV  
  21  2:15  Command Center  
  21  2:16  Marine  
  22  2:41  SCV  
  22  2:43  Barracks Reactor  
  23  2:53  SCV  
  23  2:57  Supply Depot  
  23  2:58  Orbital Command  
  24  3:04  Factory  
  24  3:05  SCV  
  25  3:17  SCV  
  26  3:27  Marine x2  
  26  3:33  Orbital Command  
  28  3:39  SCV x2, Engineering Bay  
  30  3:45  Marine x2  
  32  3:50  Factory Tech Lab  
  32  3:51  SCV x2  
  34  4:02  Marine x2, Command Center  
  34  4:03  SCV x2  
  38  4:14  SCV  
  38  4:15  SCV x2  
  40  4:25  Marine, Siege Tank  
  40  4:26  SCV, Marine  
  40  4:27  SCV  
  40  4:28  SCV  
  48  4:35  Starport  
  48  4:38  SCV  
  49  4:43  Barracks, Marine, Missile Turret  
  50  4:47  Missile Turret  
  50  4:50  Refinery  
  50  4:51  Refinery  
  50  4:53  Refinery, SCV x3  
  50  4:58  Terran Infantry Weapons Level 1  
  53  5:05  SCV x3, Missile Turret  
  53  5:06  Marine  
  53  5:07  Marine  
  57  5:08  Missile Turret  
  58  5:16  Orbital Command  
  58  5:17  SCV  
  59  5:24  Marine x2  
  59  5:28  Siege Tank  
  64  5:36  Orbital Command, Barracks, Barracks Tech Lab  
  64  5:41  SCV x3  
  64  5:42  Marine x2  
  68  5:46  Sensor Tower  
  68  5:48  Missile Turret  
  69  5:53  SCV x3  
  72  6:00  Marine  
  72  6:01  SCV  
  74  6:05  SCV x2  
  76  6:17  Supply Depot  
  76  6:20  Supply Depot  
  76  6:24  Supply Depot  
  76  6:25  Missile Turret  
  76  6:26  Missile Turret x2  
  76  6:27  Missile Turret  
  76  6:38  SCV x2  
  78  6:40  Supply Depot  
  78  6:43  Supply Depot  
  78  6:44  Barracks Tech Lab  
  78  6:45  Stimpack  
  78  6:47  Supply Depot  
  78  6:52  SCV  
  78  6:53  SCV x3  
  82  6:54  Barracks  
  82  6:57  Barracks  
  82  7:01  Factory  
  82  7:04  Terran Infantry Armor Level 1  
  82  7:05  SCV x4  
  86  7:09  Armory, Medivac  
  86  7:14  Engineering Bay  
  88  7:17  SCV  
  89  7:23  Supply Depot  
  89  7:33  Siege Tank  
  89  7:34  Marauder  
  89  7:35  Marauder, Marine x2  
  98  7:39  Medivac  
  98  7:43  SCV x4  
  104  7:46  Supply Depot  
  104  7:49  Refinery  
  104  7:52  Refinery  
  104  7:53  Marine  
  104  7:55  SCV x3  
  104  7:56  Marauder x2  
  112  8:05  Siege Tank  
  115  8:09  Supply Depot  
  107  8:17  Marauder  
  103  8:32  Supply Depot  
  103  8:41  Orbital Command  
  103  8:43  Barracks Tech Lab  
  103  8:44  Barracks Reactor  
  103  8:52  Medivac  
  103  8:55  Supply Depot  
  105  9:00  Factory Tech Lab  
  93  9:18  Supply Depot  
  93  9:22  SCV, Medivac  
  93  9:23  SCV x3  
  99  9:35  SCV x3  
  102  9:42  Marauder x2, Supply Depot  
  102  9:43  Marauder  
  102  9:44  Marine x4  
  112  9:47  Siege Tank x2  
  112  9:50  Terran Infantry Armor Level 2  
  112  9:51  Terran Infantry Weapons Level 2  
  118  9:53  Terran Vehicle Weapons Level 1  
  118  9:55  Starport Reactor  
  118  10:00  Barracks  
  118  10:01  Marine  
  118  10:02  Marine x3  
  118  10:04  Marauder x3, Ghost Academy  
  118  10:06  Supply Depot  
  128  10:08  Smart Servos  
  128  10:10  Concussive Shells, Combat Shield  
  128  10:19  Marine x2, Siege Tank x2  
  128  10:20  Sensor Tower, Marine x2  
  138  10:23  Missile Turret  
  138  10:25  Marauder x3  
  144  10:29  Supply Depot  
  144  10:37  Marine  
  144  10:42  Missile Turret  
  145  10:46  Marauder  
  145  10:47  Marauder x2  
  151  10:50  Sensor Tower  
  151  10:52  Supply Depot  
  151  10:58  Missile Turret, Siege Tank x2  
  151  11:00  Medivac x2  
  151  11:01  Missile Turret  
  151  11:02  Missile Turret  
  151  11:04  Command Center  
  161  11:08  Marauder x3  
  167  11:12  Refinery  
  167  11:14  Refinery  
  167  11:24  Missile Turret x2  
  167  11:30  Medivac, Siege Tank x2  
  127  12:35  Siege Tank x2  
  127  12:36  Planetary Fortress  
  133  12:43  Missile Turret  
  133  12:44  Refinery, Missile Turret  
  133  12:45  Missile Turret  
  133  12:47  Refinery  
  131  13:00  Marauder x3  
  131  13:01  Marine x5  
  142  13:07  Siege Tank x2  
  142  13:08  Missile Turret  
  148  13:19  Marine x5  
  153  13:21  Marauder x2  
  153  13:22  Marauder  
  159  13:36  Marine  
  159  13:39  Siege Tank x2  
  166  13:43  Marauder x3  
  172  13:51  Supply Depot  
  172  13:52  Supply Depot x2  
  172  13:54  Supply Depot  
  172  13:56  Supply Depot  
  172  13:57  Supply Depot  
  172  14:04  Marauder x3  
  140  14:17  Supply Depot  
  140  14:18  Supply Depot  
  140  14:21  Supply Depot  
  128  14:26  Marauder x3  
  128  14:33  Marine  
  128  14:47  Marauder x3  
  123  14:54  Marine x4  
  123  14:57  Barracks Tech Lab  
  123  14:59  Siege Tank x2  
  133  15:08  Marauder x3  
  133  15:12  Marine x4  
  143  15:14  Command Center  
  143  15:15  Medivac x2  
  147  15:29  Marine  
  147  15:30  Marauder x3, Marine x2  
  147  15:31  Siege Tank x2  
  162  15:45  Medivac x2  
  166  15:51  Marauder x3  
  168  16:03  Siege Tank  
  129  16:12  Marauder  
  129  16:13  Marauder  
  132  16:31  Planetary Fortress  
  132  16:34  SCV  
  132  16:35  SCV x2  
  135  16:46  SCV  
  136  16:47  SCV x2  
  138  16:58  SCV  
  138  16:59  SCV x2  
  141  17:11  SCV x3  
  144  17:16  Marauder x3  
  144  17:17  Marauder  
  144  17:18  Marine x4  
  144  17:19  Siege Tank x2  
  162  17:23  SCV x2  
  162  17:25  Viking x2  
  168  17:35  Marine  
  168  17:36  Marine x3  
  172  17:37  Marauder x2  
  172  17:38  Marauder x2  
  180  17:51  Siege Tank  
  180  17:52  Siege Tank  
  180  17:53  Marine  
  180  17:55  Viking x2  
  191  17:59  Marauder x4  
  199  18:14  Marine  
  199  18:18  Refinery  
  200  18:20  Refinery  
  200  18:27  Command Center  
  127  19:19  Marauder  
  127  19:20  Marauder x3, Marine x4  
  137  19:37  Marine  
  137  19:38  Marine x3  
  140  19:40  Marauder  
  140  19:41  Marauder x3  
  140  19:42  Planetary Fortress  
  149  19:55  Marine, Siege Tank x2  
  149  19:56  Marine x3  
  149  19:59  Viking x2  
  163  20:02  Marauder x3  
  163  20:03  Marauder  
  171  20:13  Marine  
  170  20:23  Marauder  
  170  20:24  Marauder x3  
  170  20:27  Siege Tank x2  
  182  20:29  Viking  
  182  20:34  Marine x4  
  185  20:44  Marauder  
  185  20:45  Marauder x3  
  191  20:52  Marine x4  
  195  20:59  Siege Tank  
  195  21:02  Command Center  
  198  21:06  Marauder  
  124  22:34  Marauder  
  124  22:35  Marauder x3, Marine  
  124  22:36  Marine x3  
  134  22:37  Planetary Fortress  
  126  22:53  Marine  
  126  22:54  Marine x3  
  126  22:56  Marauder x4  
  126  22:57  Siege Tank  
  126  22:58  Siege Tank  
  139  23:11  Marine x3  
  139  23:12  Marine  
  143  23:15  Drilling Claws  
  143  23:17  Marauder  
  143  23:18  Marauder x3  
  151  23:23  Liberator  
  151  23:24  Liberator  
  157  23:29  Marine x4, Siege Tank  
  157  23:30  Siege Tank  
  167  23:38  Marauder  
  167  23:39  Marauder x3  
  175  23:47  Marine x2  
  172  24:00  Marauder x4  
  172  24:01  Siege Tank  
  172  24:02  Siege Tank  
Show
View Real Time Build Order
Export as new Build Order

qqq Terran 

Build Orders:  

Get SALT Encoding   

  12  0:02  SCV  
  13  0:14  SCV  
  14  0:26  Supply Depot  
  14  0:36  SCV  
  15  0:50  Barracks  
  15  0:51  SCV  
  16  0:57  Refinery  
  16  1:03  SCV  
  17  1:15  SCV  
  18  1:27  SCV  
  19  1:39  SCV  
  20  1:53  Command Center  
  20  2:01  SCV  
  20  2:08  Reaper  
  22  2:09  Supply Depot  
  22  2:14  SCV  
  22  2:22  Refinery  
  22  2:26  SCV  
  23  2:38  SCV  
  23  2:39  Factory  
  23  2:40  Reaper  
  25  2:53  Orbital Command  
  25  3:00  Supply Depot  
  25  3:06  Engineering Bay  
  25  3:07  SCV  
  26  3:19  SCV  
  27  3:23  Supply Depot  
  27  3:33  Barracks Tech Lab  
  27  3:38  Factory Tech Lab  
  27  3:49  Command Center  
  27  3:54  SCV, Barracks  
  26  4:20  Marauder  
  26  4:21  Siege Tank  
  26  4:24  Stimpack  
  31  4:26  SCV x2  
  35  4:38  SCV  
  35  4:41  Marauder  
  35  4:42  Orbital Command  
  36  4:50  SCV  
  36  4:52  Barracks Reactor  
  37  4:57  Starport  
  37  5:02  SCV, Marauder  
  39  5:14  SCV  
  40  5:24  Marauder  
  40  5:27  SCV, Siege Tank  
  43  5:29  Marine x2  
  43  5:34  SCV  
  44  5:39  Refinery  
  44  5:44  Refinery  
  44  5:45  Marine  
  44  5:46  SCV  
  44  5:47  Marine  
  44  5:48  Marine  
  48  5:54  Starport Reactor  
  48  6:01  Armory, Terran Infantry Weapons Level 1  
  48  6:03  Marauder  
  51  6:05  Marine  
  51  6:06  SCV  
  51  6:10  Orbital Command  
  52  6:12  SCV  
  54  6:18  SCV  
  54  6:23  Marine x2  
  54  6:24  SCV, Marine  
  58  6:30  SCV  
  59  6:36  SCV  
  51  6:41  Marine  
  51  6:42  SCV  
  51  6:45  SCV  
  54  6:48  SCV  
  55  6:54  SCV  
  55  6:57  SCV  
  55  7:00  SCV  
  58  7:03  Siege Tank  
  58  7:07  SCV, Medivac x2  
  66  7:09  SCV  
  66  7:12  SCV  
  68  7:19  SCV  
  68  7:21  SCV  
  70  7:24  SCV  
  70  7:26  Combat Shield  
  71  7:31  SCV  
  71  7:33  SCV  
  71  7:36  SCV  
  74  7:37  Viking  
  74  7:43  SCV  
  77  7:44  Medivac  
  77  7:45  SCV  
  77  7:46  Supply Depot  
  80  7:55  Terran Infantry Armor Level 1  
  55  8:07  Viking  
  55  8:08  Supply Depot  
  49  8:13  Siege Tank  
  49  8:15  Marauder  
  49  8:17  Marine x2  
  54  8:31  Supply Depot  
  52  8:35  Marine x2  
  52  8:37  Marauder  
  55  8:41  Liberator  
  55  8:44  Concussive Shells  
  58  8:53  Marine x2  
  58  8:54  Supply Depot  
  60  8:56  Factory Tech Lab  
  60  8:58  Marine  
  54  9:11  Marine x2  
  54  9:16  Marauder  
  58  9:18  Supply Depot  
  58  9:19  Medivac  
  60  9:24  Medivac  
  60  9:27  SCV  
  60  9:28  Marine x2  
  65  9:34  Command Center  
  65  9:37  Marauder  
  65  9:38  Siege Tank  
  70  9:39  SCV  
  71  9:46  Marine x2  
  71  9:48  Terran Infantry Weapons Level 2  
  71  9:49  Liberator  
  76  9:57  Command Center  
  76  10:10  Siege Tank  
  79  10:18  Marauder  
  79  10:20  Marine x2  
  80  10:29  Liberator  
  80  10:31  Medivac  
  85  10:37  Marine  
  85  10:38  Marine  
  85  10:39  Marauder  
  85  10:41  Thor  
  95  10:55  Marine x2  
  97  11:00  Marine  
  97  11:01  Medivac  
  97  11:02  Terran Ship Weapons Level 1  
  100  11:12  Viking  
  100  11:17  SCV  
  100  11:18  SCV  
  105  11:25  SCV  
  105  11:31  Liberator  
  108  11:37  SCV  
  109  11:42  Viking  
  109  11:44  SCV x3  
  114  11:49  SCV  
  115  11:56  SCV x3  
  118  12:02  SCV  
  118  12:04  Terran Infantry Armor Level 2  
  118  12:08  SCV x3  
  121  12:12  Viking  
  121  12:14  SCV, Liberator  
  88  12:36  SCV x3  
  92  12:39  Refinery x2  
  92  12:41  Liberator  
  95  12:46  Planetary Fortress  
  95  12:48  SCV x2  
  95  12:49  Orbital Command  
  96  12:52  Siege Tank  
  96  12:56  Terran Vehicle And Ship Armor Level 1  
  96  12:57  Liberator  
  102  13:00  SCV x2  
  104  13:12  SCV  
  105  13:24  Liberator  
  105  13:25  Widow Mine  
  110  13:40  Viking  
  112  13:46  Widow Mine  
  112  13:48  SCV x3  
  115  13:49  SCV  
  118  14:00  SCV  
  119  14:07  Widow Mine, Liberator  
  115  14:10  Liberator  
  98  14:28  Siege Tank  
  78  14:50  Terran Vehicle Weapons Level 1  
  78  14:53  Marine  
  78  14:54  Marauder  
  78  14:55  Marine  
  78  14:58  Liberator x2  
  88  15:00  Siege Tank  
  91  15:11  Marine  
  91  15:13  Marine  
  93  15:16  Marauder  
  93  15:29  Marine  
  93  15:30  Marine  
  93  15:33  Siege Tank  
  98  15:37  Marauder  
  98  15:40  Liberator  
  98  15:41  Viking  
  105  15:47  Marine  
  105  15:48  Marine  
  107  15:59  Marauder  
  100  16:05  Siege Tank  
  100  16:11  Viking  
  105  16:19  Marine  
  105  16:23  Liberator  
  109  16:37  Siege Tank  
  112  16:41  Viking  
  111  17:09  Siege Tank  
  111  17:14  Command Center  
  114  17:19  Terran Infantry Armor Level 3  
  114  17:20  Starport, Terran Ship Weapons Level 2  
  114  17:23  Sensor Tower  
  114  17:25  Marine x3  
  117  17:31  Supply Depot  
  117  17:53  Liberator, Marauder, Marine, Viking, Supply Depot  
  125  18:05  Command Center  
  125  18:15  Supply Depot  
  122  18:39  Supply Depot  
  96  18:50  Planetary Fortress  
  96  18:56  Liberator  
  96  18:57  Liberator  
  96  19:00  SCV x3  
  96  19:02  Supply Depot  
  105  19:07  Refinery  
  105  19:08  Refinery  
  105  19:12  SCV x2  
  105  19:25  Supply Depot  
  105  19:36  Terran Vehicle And Ship Armor Level 2  
  105  19:37  Planetary Fortress  
  105  19:39  Starport Tech Lab, Liberator x2  
  105  19:44  Supply Depot  
  101  19:48  Supply Depot  
  99  19:56  Terran Infantry Weapons Level 3  
  99  19:59  Siege Tank  
  102  20:06  Command Center  
  102  20:07  Supply Depot  
  102  20:11  Supply Depot  
  98  20:31  Siege Tank  
  98  20:32  SCV  
  102  20:44  SCV  
  103  20:56  SCV  
  104  21:03  Siege Tank  
  107  21:09  SCV  
  110  21:11  Marauder, Marine x2  
  112  21:21  SCV  
  113  21:29  Marine x2  
  113  21:32  Marine  
  116  21:35  Siege Tank  
  96  22:08  Command Center  
  64  22:32  Liberator x3  
  64  22:33  Hi-Sec Auto Tracking  
  63  22:48  Marauder, Marine x2  
  64  23:06  Marine x2  
  64  23:09  Marauder  
  68  23:15  Liberator x3, Fusion Core  
  77  23:24  Marine x2  
  76  23:41  Command Center  
  76  23:44  Siege Tank  
Tags
 
Add a new tag
Caveats
  • Supply blocks, unpowered buildings, or Contaminate may cause inaccurate times.
  • Supply counts are checked every 10 seconds.